 Dungeon Crawl Stone Soup version 0.24-a0-525-g9231cdc (webtiles) character file.

Game seed: 6690398727984162122

130275 Dracunculus the Carver (level 16, -3/122 HPs)
             Began as a Demonspawn Fighter on Aug 3, 2019.
             Was the Champion of Qazlal.
             Drowned by a water elemental (6 damage)
             ... on level 2 of the Shoals.
             The game lasted 01:17:14 (21414 turns).

Dracunculus the Carver (Demonspawn Fighter)        Turns: 21414, Time: 01:17:15

Health: -3/122     AC: 29    Str: 22    XL:     16   Next: 52%
Magic:  8/8        EV: 11    Int: 11    God:    Qazlal [******]
Gold:   2702       SH: 36    Dex: 13    Spells: 15/15 levels left

rFire    + . .     SeeInvis .   T - +6 double sword (antimagic)
rCold    + + .     Gourm    .   c - +0 large shield
rNeg     . . .     Faith    .   i - +4 plate armour {rC+}
rPois    .         Spirit   .   (helmet unavailable)
rElec    .         Reflect  +   (no cloak)
rCorr    .         Harm     .   (no gloves)
MR       +....                  X - +0 pair of boots (curse)
Stlth    ..........             S - +4 amulet of reflection
HPRegen  4.30/turn              p - ring of Knowledge {rF+ rC+ AC+6 Slay+3}
MPRegen  0.11/turn              d - +3 ring of evasion

@: engulfed (cannot breathe), protected from physical damage, mesmerised,
glowing, repel missiles
A: horns 3, large bone plates 2, nightstalker 1, powered by death 3
a: Upheaval, Elemental Force, Disaster Area, Renounce Religion


You were on level 2 of the Shoals.
You worshipped Qazlal.
Qazlal was exalted by your worship.
You were not hungry.

You visited 5 branches of the dungeon, and saw 26 of its levels.
You visited 1 bazaar.
You also visited: Ossuary and Bailey.

You collected 2914 gold pieces.
You spent 212 gold pieces at shops.

Inventory:

Hand Weapons
 o - a +1 scimitar of flaming
 G - the +6 mace of Xatwahuf {freeze, rElec rN+ Int-5}
   (You found it on level 1 of the Lair of Beasts)

   It has been specially enchanted to freeze those struck by it, causing extra
   injury to most foes and up to half again as much damage against particularly
   susceptible opponents.
   It can also slow down cold-blooded creatures.
   It affects your intelligence (-5).
   It insulates you from electricity.
   It protects you from negative energy.
 H - the +1 hunting sling "Fyphudig" {venom, rPois rC++}
   (You found it on level 1 of the Lair of Beasts)

   It poisons the ammo it fires.
   It greatly protects you from cold.
   It protects you from poison.
 T - a +6 antimagic double sword (weapon)
Missiles
 k - 9 javelins (quivered)
 w - 358 stones
 N - 107 sling bullets
Armour
 c - a +0 large shield (worn)
 i - a +4 plate armour of cold resistance (worn)
 r - the +4 scale mail "Ameygave" {+Fly}
   (You found it on level 10 of the Dungeon)

   It lets you fly.
 X - a cursed +0 pair of boots (worn)
Jewellery
 d - a +3 ring of evasion (right hand)
 l - an uncursed ring of flight
 m - an uncursed ring of protection from magic
 p - the ring of Knowledge (left hand) {rF+ rC+ AC+6 Slay+3}
   (You found it on level 8 of the Dungeon)

   [ring of protection]

   It affects your AC (+6).
   It affects your accuracy and damage with ranged weapons and melee attacks
   (+3).
   It protects you from fire.
   It protects you from cold.
 u - an uncursed amulet of the acrobat
 B - an uncursed ring of fire
 D - an uncursed amulet of rage
 J - an uncursed ring of positive energy
 S - a +4 amulet of reflection (around neck)
 W - an uncursed ring of see invisible
 Y - an uncursed ring of magical power
Wands
 y - a wand of random effects (33)
 z - a wand of paralysis (28)
 C - a wand of iceblast (13)
 L - a wand of acid (4)
 U - a wand of disintegration (12)
 V - a wand of flame (11)
Scrolls
 b - 4 scrolls of fear
 g - 5 scrolls of enchant armour
 j - 9 scrolls of amnesia
 q - 7 scrolls of remove curse
 A - 11 scrolls of teleportation
 E - 3 scrolls of magic mapping
 F - a scroll of fog
 Q - 2 scrolls of identify
 R - a scroll of blinking
Potions
 e - 4 potions of heal wounds
 h - 4 potions of flight
 n - 2 potions of mutation
 s - 4 potions of agility
 t - 9 potions of brilliance
 v - 3 potions of ambrosia
 x - 5 potions of lignification
 I - 3 potions of haste
 K - a potion of invisibility
 M - a potion of berserk rage
 O - 8 potions of curing
 Z - 2 potions of might
Comestibles
 a - a chunk of flesh
 f - 44 rations


   Skills:
 + Level 9.9 Fighting
 * Level 14.3 Long Blades
 - Level 3.0(4.4) Slings
 - Level 5.0(5.4) Throwing
 + Level 10.8 Armour
 + Level 8.5 Dodging
 + Level 10.8 Shields
 + Level 11.9 Invocations
 - Level 6.6 Evocations


You had 15 spell levels left.
You didn't know any spells.
Your spell library contained the following spells:

 Spells                   Type           Power        Failure   Level  Hunger
 Beastly Appendage        Tmut           #.....       100%        1    ##.....
 Corona                   Hex            #......      100%        1    ##.....
 Infusion                 Chrm           #...         100%        1    ##.....
 Summon Small Mammal      Summ           #...         100%        1    ##.....
 Call Imp                 Summ           #.......     100%        2    ###....
 Corpse Rot               Necr           N/A          100%        2    ###....
 Ensorcelled Hibernation  Hex/Ice        #.....       100%        2    ###....
 Shroud of Golubria       Chrm/Tloc      #.....       100%        2    ###....
 Slow                     Hex            #.......     100%        2    ###....
 Song of Slaying          Chrm           #.......     100%        2    ###....
 Sticks to Snakes         Tmut           #.......     100%        2    ###....
 Call Canine Familiar     Summ           #.......     100%        3    ####...
 Ignite Poison            Fire/Tmut/Pois #.......     100%        3    ####...
 Inner Flame              Hex/Fire       #.......     100%        3    ####...
 Portal Projectile        Hex/Tloc       #.....       100%        3    ####...
 Regeneration             Chrm/Necr      #.........   100%        3    ####...
 Spectral Weapon          Hex/Chrm       #.......     100%        3    ####...
 Spider Form              Tmut/Pois      #.........   100%        3    ####...
 Stone Arrow              Conj/Erth      #.....       100%        3    ####...
 Summon Guardian Golem    Hex/Summ       #.......     100%        3    ####...
 Cause Fear               Hex            #.........   100%        4    #####..
 Ice Form                 Ice/Tmut       #.......     100%        4    #####..
 Leda's Liquefaction      Hex/Erth       #.........   100%        4    #####..
 Summon Ice Beast         Ice/Summ       #.......     100%        4    #####..
 Summon Lightning Spire   Summ/Air       #.......     100%        4    #####..
 Blade Hands              Tmut           #.........   100%        5    ######.
 Bolt of Magma            Conj/Fire/Erth #.........   100%        5    ######.
 Borgnjor's Vile Clutch   Necr/Erth      #.........   100%        5    ######.
 Fireball                 Conj/Fire      #.........   100%        5    ######.
 Iskenderun's Battlesphe  Conj/Chrm      #.......     100%        5    ######.
 Silence                  Hex/Air        #.........   100%        5    ######.
 Summon Forest            Summ/Tloc      #.........   100%        5    ######.
 Venom Bolt               Conj/Pois      #.........   100%        5    ######.
 Bolt of Fire             Conj/Fire      #.........   100%        6    #######
 Darkness                 Hex            #.........   100%        6    #######
 Hydra Form               Tmut           #.........   100%        6    #######
 Iron Shot                Conj/Erth      #.........   100%        6    #######
 Shadow Creatures         Summ           N/A          100%        6    #######
 Malign Gateway           Summ/Tloc      #.........   100%        7    #######
 Monstrous Menagerie      Summ           #.........   100%        7    #######
 Orb of Destruction       Conj           #.........   100%        7    #######
 Ring of Flames           Chrm/Fire      #.........   100%        7    #######
 Spellforged Servitor     Conj/Summ      #.........   100%        7    #######
 Summon Greater Demon     Summ           #.........   100%        7    #######
 Summon Hydra             Summ           #.........   100%        7    #######
 Ignition                 Fire           #.........   100%        8    #######
 Summon Horrible Things   Summ           #.........   100%        8    #######


Dungeon Overview and Level Annotations

Branches:
Dungeon (15/15)            Temple (1/1) D:7            Lair (6/6) D:11
 Shoals (2/4) Lair:2        Snake (0/4) Lair:2        Slime (0/5) Lair:5
    Orc (2/2) D:10            Elf (0/3) Orc:2        Vaults (0/5) D:13
 Depths (0/5) D:15

Altars:
Cheibriados
Elyvilon
Gozag
Hepliaklqana
Kikubaaqudgha
Makhleb
Nemelex Xobeh
Qazlal
Ru
Trog
Vehumet
Xom
Yredelemnul
Zin
Beogh

Shops:
D:10 }   Orc:1 (   Orc:2 (%[(

Annotations:
Lair:5 exclusion: 3 oklob plants


Innate Abilities, Weirdness & Mutations

You have a pair of large horns on your head.
You are mostly covered in large bone plates. (SH +6)
You are slightly more attuned to the shadows.
You regenerate a lot of health from kills.


Message History

You block the manticore's attack. x3
The merfolk hits you from afar with a +0 trident.
* * * LOW HITPOINT WARNING * * *
You feel more protected from physical attacks.
The water elemental hits you.
The merfolk avatar chants its luring song.
You block the snapping turtle's attack.
The merfolk hits you but does no damage.
The merfolk closely misses you.
The merfolk javelineer is engulfed in freezing vapours.
The merfolk javelineer hits you but does no damage.
The faun hits you with a +0 quarterstaff!
* * * LOW HITPOINT WARNING * * *
The snapping turtle bites you from afar!
* * * LOW HITPOINT WARNING * * *
Unknown command.
You cannot read scrolls while unable to breathe!
Your shield and plate armour prevent you from hitting the water elemental.
The water elemental is heavily damaged.
You die...

≈..≈≈≈≈≈≈≈≈≈≈
..≈≈≈≈≈≈≈≈≈≈≈
....≈≈≈≈≈≈≈≈≈.
.......≈≈≈≈≈m..
≈...≈.(..........
≈......##cEm≈≈..≈
(.....))@(t)≈≈≈≈ ≈
##≈≈(.tEmHc≈≈≈≈≈
.≈#.≈...mHmmm≈≈≈≈.
≈E≈≈≈.†m.(E..≈≈≈≈.
≈≈..≈.....≈..≈≈...
≈≈..≈≈<..m≈≈)§≈...
≈..≈≈≈≈≈.≈≈≈≈≈§≈(.
≈≈≈≈..≈≈≈(≈.≈≈.≈≈≈
.(≈≈.≈≈≈≈≈≈≈m≈≈≈≈


You could see 3 merfolk avatars, a merfolk javelineer, a merfolk aquamancer, 2
snapping turtles, 4 merfolk, 2 fauns, a manticore, a hippogriff and 3 water
elementals.

Vanquished Creatures
  Jorgrun (Orc:2)
  Rupert (Lair:5)
  A kraken (Shoals:1)
  2 orc warlords
  Nessos (D:14)
  2 merfolk impalers
  Josephine (D:12)
  6 hydras
  A merfolk aquamancer (Shoals:2)
  A death knight (D:14)
  3 two-headed ogres
  2 orc high priests (Orc:2)
  2 tengu warriors
  5 skeletal warriors (D:14)
  An unseen horror (D:12)
  Pikel (D:8)
  A lindwurm (D:13)
  An orc knight (Bailey)
  An orc sorcerer (Orc:2)
  3 fauns
  5 harpies (Shoals:1)
  2 wolf spiders (Lair:6)
  4 manticores
  2 cyclopes
  4 ugly things
  Joseph (D:10)
  2 merfolk sirens
  A guardian serpent (Lair:6)
  7 black mambas
  2 gargoyles
  22 elephants
  A torpor snail (shapeshifter) (D:13)
  15 spiny frogs
  7 rime drakes
  An efreet (D:14)
  7 komodo dragons
  2 centaur skeletons
  2 kobold demonologists
  A tengu conjurer (D:13)
  6 merfolk
  3 trolls
  A freezing wraith (D:14)
  5 polar bears
  3 meliai (D:14)
  A harpy skeleton (D:9)
  4 hornets
  3 slime creatures (D:12)
  13 hippogriffs
  A snapping turtle (Shoals:2)
  Sigmund (D:3)
  7 wraiths
  A vampire (D:13)
  12 wyverns
  A shadow (D:11)
  A redback (Lair:6)
  27 yaks
  3 hogs (D:7)
  A human (D:7)
  A water elemental (Shoals:2)
  6 wargs
  4 hungry ghosts
  3 basilisks
  28 water moccasins
  A slave (D:8)
  48 orc warriors
  6 ice beasts
  5 porcupines
  2 sky beasts
  6 black bears (Lair:1)
  10 ogres
  3 phantoms
  23 wolves
  11 centaurs
  19 crocodiles
  4 big kobolds
  15 bullfrogs
  2 gnoll sergeants (D:10)
  A wyvern zombie (D:8)
  2 water moccasin zombies (Ossuary)
  3 scorpions
  2 wyvern skeletons
  A killer bee (D:7)
  3 wights (D:13)
  4 electric eels (Lair:3)
  7 howler monkeys
  7 crimson imps
  3 bullfrog zombies
  4 centaur zombies
  8 hounds
  7 jellies
  2 bullfrog skeletons
  26 orc priests
  2 quasits
  20 orc wizards
  11 worker ants
  A big kobold zombie (Ossuary)
  A human simulacrum (D:9)
  A hound skeleton (D:6)
  2 mummies (Ossuary)
  3 worker ant zombies
  12 gnolls
  2 howler monkey skeletons
  A howler monkey zombie (D:8)
  11 adders
  5 shadow imps
  An ooze (D:1)
  3 adder zombies (Ossuary)
  An adder skeleton (D:8)
  A worm (D:2)
  2 dart slugs (D:1)
  3 leopard geckos
  116 orcs
  4 giant cockroaches
  25 hobgoblins
  6 jackals
  6 quokkas
  11 ball pythons
  A ball python skeleton (D:4)
  5 bats
  5 frilled lizards
  3 gnoll zombies (Ossuary)
  27 goblins
  3 hobgoblin zombies (Ossuary)
  17 kobolds
  6 kobold zombies (Ossuary)
  2 leopard gecko skeletons
  3 orc zombies (Ossuary)
  A quokka skeleton (D:6)
  A quokka zombie (D:2)
  11 rats
  3 tentacles (Shoals:1)
835 creatures vanquished.

Vanquished Creatures (others)
  2 cyclopes
  An orc warrior (Orc:2)
  5 centaurs
  A human simulacrum (D:9)
  An orc (Orc:2)
  11 fungi
  18 plants
  7 tentacles (Shoals:1)
46 creatures vanquished.

Grand Total: 881 creatures vanquished

Notes
Turn   | Place    | Note
-------+----------+-------------------------------------------
     0 | D:1      | Dracunculus the Demonspawn Fighter began the quest for the
                  | Orb.
     0 | D:1      | Reached XP level 1. HP: 18/18 MP: 1/1
    33 | D:1      | Reached skill level 2 in Long Blades
   162 | D:1      | Gained mutation: You have a pair of small horns on your
                  | head. [demonic ancestry]
   162 | D:1      | Reached XP level 2. HP: 24/24 MP: 2/2
   313 | D:1      | Reached XP level 3. HP: 24/29 MP: 3/3
   838 | D:2      | Reached skill level 3 in Long Blades
  1062 | D:2      | Gained mutation: You are slightly more attuned to the
                  | shadows. [demonic ancestry]
  1062 | D:2      | Reached XP level 4. HP: 34/35 MP: 4/4
  1136 | D:2      | Found an ancient bone altar of Kikubaaqudgha.
  1235 | D:2      | Gained mutation: You are partially covered in large bone
                  | plates. (SH +4) [demonic ancestry]
  1235 | D:2      | Reached XP level 5. HP: 37/41 MP: 5/5
  1483 | D:2      | Found a radiant altar of Vehumet.
  1625 | D:3      | Noticed Sigmund
  1851 | D:3      | Found a faded altar of an unknown god.
  1855 | D:3      | Found a bloodstained altar of Trog.
  1857 | D:3      | Found a snail-covered altar of Cheibriados.
  1859 | D:3      | Found a faded altar of an unknown god.
  1862 | D:3      | Found a basalt altar of Yredelemnul.
  2312 | D:3      | Killed Sigmund
  2312 | D:3      | Reached skill level 4 in Long Blades
  2312 | D:3      | Gained mutation: You are mostly covered in large bone
                  | plates. (SH +6) [demonic ancestry]
  2312 | D:3      | Reached XP level 6. HP: 30/47 MP: 6/6
  2392 | D:4      | Noticed an ice beast
  2412 | D:4      | Killed an ice beast
  2708 | D:4      | Reached skill level 5 in Long Blades
  2755 | D:4      | Gained mutation: You regenerate a little health from kills.
                  | [demonic ancestry]
  2755 | D:4      | Reached XP level 7. HP: 13/52 MP: 7/7
  3320 | D:4      | Reached skill level 1 in Throwing
  3598 | D:5      | Entered Level 5 of the Dungeon
  3616 | D:5      | Found a glowing silver altar of Zin.
  3616 | D:5      | Found a burning altar of Makhleb.
  3617 | D:5      | Noticed an Executioner
  3617 | D:5      | Noticed an angel
  3636 | D:5      | Found a sand-covered staircase.
  3644 | Ossuary  | Entered an ossuary
  3770 | Ossuary  | Reached skill level 6 in Long Blades
  3770 | Ossuary  | Reached XP level 8. HP: 49/58 MP: 8/8
  3945 | D:5      | Found a white marble altar of Elyvilon.
  3960 | D:5      | Reached skill level 5 in Shields
  4050 | D:5      | Reached skill level 5 in Armour
  4305 | D:6      | You fall into a shaft and drop 3 floors!
  4382 | D:8      | Got a glittering steel ring
  4384 | D:8      | Identified the ring of Knowledge {rF+ rC+ AC+6 Slay+3} (You
                  | found it on level 8 of the Dungeon)
  4493 | D:7      | You fall into a shaft and drop 3 floors!
  4493 | D:10     | Entered Level 10 of the Dungeon
  4493 | D:10     | Noticed Joseph
  4515 | D:10     | Killed Joseph
  4515 | D:10     | Reached skill level 7 in Long Blades
  4515 | D:10     | Reached XP level 9. HP: 63/63 MP: 9/9
  4612 | D:8      | Noticed Pikel
  4805 | D:7      | Reached skill level 8 in Long Blades
  4975 | D:7      | Found a sparkling altar of Nemelex Xobeh.
  5837 | D:7      | Reached XP level 10. HP: 44/70 MP: 10/10
  5853 | D:7      | Reached skill level 9 in Long Blades
  5853 | D:7      | Reached skill level 5 in Throwing
  5974 | D:7      | Found a staircase to the Ecumenical Temple.
  6000 | Temple   | Entered the Ecumenical Temple
  6011 | Temple   | Became a worshipper of Qazlal Stormbringer
  6113 | D:7      | Reached skill level 1 in Evocations
  6193 | D:8      | Reached skill level 1 in Dodging
  6226 | D:8      | Reached skill level 1 in Invocations
  6271 | D:8      | Found an opulent altar of Gozag.
  6716 | D:8      | Killed Pikel
  6947 | D:9      | Found a shimmering altar of Xom.
  6948 | D:9      | Found a shimmering altar of Xom.
  6949 | D:9      | Found a shimmering altar of Xom.
  6963 | D:9      | Reached * piety under Qazlal
  7361 | D:10     | Found a staircase to the Orcish Mines.
  7444 | D:10     | Gained mutation: You have a pair of horns on your head.
                  | [demonic ancestry]
  7444 | D:10     | Reached XP level 11. HP: 44/78 MP: 13/13
  7778 | D:10     | Reached ** piety under Qazlal
  7808 | D:10     | Found Muanor's Gadget Shop.
  8044 | D:10     | Got a steaming scale mail
  8055 | D:10     | Identified the +4 scale mail "Ameygave" {+Fly} (You found
                  | it on level 10 of the Dungeon)
  8083 | D:11     | Noticed a green ugly thing
  8188 | D:11     | Killed a green ugly thing
  8345 | D:11     | Reached skill level 10 in Long Blades
  8433 | D:11     | Noticed a white ugly thing
  8450 | D:11     | Killed a white ugly thing
  8642 | D:11     | Found a radiant altar of Vehumet.
  9060 | D:11     | Found a staircase to the Lair.
  9093 | D:11     | Reached skill level 5 in Fighting
  9531 | Lair:1   | Entered Level 1 of the Lair of Beasts
  9597 | Lair:1   | Reached *** piety under Qazlal
  9631 | Lair:1   | Got a dazzling hunting sling
  9632 | Lair:1   | Identified the +1 hunting sling "Fyphudig" {venom, rPois
                  | rC++} (You found it on level 1 of the Lair of Beasts)
  9807 | Lair:1   | Reached skill level 5 in Invocations
  9865 | Lair:1   | Got a fine mace
  9866 | Lair:1   | Identified the +6 mace of Xatwahuf {freeze, rElec rN+
                  | Int-5} (You found it on level 1 of the Lair of Beasts)
 10458 | Lair:2   | Reached XP level 12. HP: 72/87 MP: 16/16
 10887 | Lair:2   | Found a staircase to the Shoals.
 11295 | Lair:2   | Found a staircase to the Snake Pit.
 11464 | Lair:3   | Noticed a four-headed hydra
 11603 | Lair:2   | Killed a four-headed hydra
 11603 | Lair:2   | Reached skill level 11 in Long Blades
 11603 | Lair:2   | Reached skill level 5 in Evocations
 11835 | Lair:3   | Reached skill level 1 in Slings
 11836 | Lair:3   | Reached skill level 5 in Dodging
 12579 | Lair:4   | Reached **** piety under Qazlal
 12716 | Lair:4   | Noticed a five-headed hydra
 12726 | Lair:4   | Killed a five-headed hydra
 13367 | Lair:5   | Found a staircase to the Slime Pits.
 13436 | Lair:5   | Gained mutation: You regenerate health from kills. [demonic
                  | ancestry]
 13436 | Lair:5   | Reached XP level 13. HP: 50/95 MP: 18/18
 13693 | Lair:5   | Noticed Rupert
 13727 | Lair:5   | Killed Rupert
 14158 | Lair:5   | Got an ancient trident
 14159 | Lair:5   | Identified the cursed +3 trident of Vegomeva {drain, Str+6}
                  | (You found it on level 5 of the Lair of Beasts)
 14160 | Lair:5   | Identified a scroll of acquirement
 14586 | Lair:6   | Entered Level 6 of the Lair of Beasts
 14638 | Lair:6   | Reached skill level 12 in Long Blades
 14642 | Lair:6   | Reached ***** piety under Qazlal
 14978 | Lair:6   | Gained mutation: You have a pair of large horns on your
                  | head. [demonic ancestry]
 14978 | Lair:6   | Reached XP level 14. HP: 79/104 MP: 20/20
 15879 | Orc:1    | Entered Level 1 of the Orcish Mines
 15950 | Orc:1    | Found Nadigh's Antique Weapon Emporium.
 16242 | Orc:2    | Entered Level 2 of the Orcish Mines
 16248 | Orc:2    | Found a roughly hewn altar of Beogh.
 16301 | Orc:2    | Noticed an orc warlord
 16332 | Orc:2    | Killed an orc warlord
 16347 | Orc:2    | Reached ****** piety under Qazlal
 16363 | Orc:2    | Found a flickering gateway to a bazaar.
 16401 | Bazaar   | Entered a bazaar
 16408 | Bazaar   | Found Atreylyu's Jewellery Emporium.
 16408 | Bazaar   | Found Zoivou's Magic Scroll Shoppe.
 16428 | Bazaar   | Bought a scroll of teleportation for 21 gold pieces
 16428 | Bazaar   | Bought a scroll of teleportation for 21 gold pieces
 16428 | Bazaar   | Bought a scroll of enchant weapon for 52 gold pieces
 16428 | Bazaar   | Bought a scroll of teleportation for 21 gold pieces
 16428 | Bazaar   | Bought a scroll of magic mapping for 24 gold pieces
 16428 | Bazaar   | Bought a scroll of teleportation for 21 gold pieces
 16428 | Bazaar   | Bought a scroll of enchant weapon for 52 gold pieces
 16477 | Orc:2    | Found a staircase to the Elven Halls.
 16613 | Orc:2    | Found Hocosti's Antique Weapon Emporium.
 16617 | Orc:2    | Found a roughly hewn altar of Beogh.
 16618 | Orc:2    | Found Rioruogg's Antique Armour Shoppe.
 16735 | Orc:2    | Noticed Jorgrun
 16748 | Orc:2    | Killed Jorgrun
 16748 | Orc:2    | Reached skill level 13 in Long Blades
 16753 | Orc:2    | Found a roughly hewn altar of Beogh.
 16864 | Orc:2    | Reached skill level 10 in Invocations
 16884 | Orc:2    | Found a roughly hewn altar of Beogh.
 16891 | Orc:2    | Found Lup Xon's Food Shoppe.
 16994 | Orc:2    | Found a roughly hewn altar of Beogh.
 17109 | Orc:2    | Found a roughly hewn altar of Beogh.
 17113 | Orc:2    | Found Xodi Ine's Antique Weapon Shop.
 17174 | Orc:2    | Found a roughly hewn altar of Beogh.
 17376 | D:12     | Noticed Josephine
 17385 | D:12     | Killed Josephine
 17527 | D:12     | Found a flagged portal.
 17532 | Bailey   | Entered a bailey
 17704 | Bailey   | Reached skill level 10 in Armour
 17705 | Bailey   | Noticed an orc warlord
 17717 | Bailey   | Killed an orc warlord
 17743 | Bailey   | Reached skill level 10 in Shields
 17922 | Bailey   | Got a smelly scale mail
 17933 | Bailey   | Identified the +0 scale mail "Agafuxt" {rPois rF- Str-2
                  | Stlth+} (You acquired it in a bailey)
 18779 | D:13     | Found a gate to the Vaults.
 19123 | D:13     | Reached XP level 15. HP: 112/113 MP: 7/23
 19124 | D:13     | Gained mutation: You regenerate a lot of health from kills.
                  | [demonic ancestry]
 19124 | D:13     | Reached XP level 16. HP: 120/120 MP: 8/24
 19708 | D:14     | Noticed Nessos
 19726 | D:14     | Killed Nessos
 19745 | D:14     | HP: 5/120 [basilisk (12)]
 19748 | D:14     | Found a sacrificial altar of Ru.
 20095 | D:14     | Reached skill level 14 in Long Blades
 20820 | D:15     | Entered Level 15 of the Dungeon
 20824 | D:15     | Found a staircase to the Depths.
 21204 | Shoals:1 | Entered Level 1 of the Shoals
 21265 | Shoals:1 | Noticed a kraken
 21293 | Shoals:1 | Killed a kraken
 21413 | Shoals:2 | HP: 3/122 [snapping turtle (9)]
 21414 | Shoals:2 | Drowned by a water elemental

Levels and vault maps discovered:
D:1:      dpeg_arrival_prison, layout_basic, minmay_pentomino_w4
D:2:      layout_rooms, kiku_gazebo_pond_becter, vehumet_crystals, first_ration,
          hangedman_abyss_or_decor_lesser_grid, palyth_stone_intersect,
          minmay_shallow_snake_nest
D:3:      layout_basic, chequers_temple_overflow_minitemple, uniq_sigmund
D:4:      layout_gridville
D:5:      layout_cave_pools, grunt_temple_overflow_order_and_chaos_2,
          elyvilon_altar_5, nicolae_ossuary_entry_monument
D:6:      layout_cave_pools
D:7:      minmay_octagon_keep, layout_rooms, lemuel_round_altar,
          minmay_temple_entry_glassed_door, minmay_misc_feat_x, grunt_livestock
D:8:      layout_loops_cross, grunt_gozag_breadcrumbs,
          kennysheep_generic_room_15, uniq_pikel
D:9:      layout_cave_pools, xom_redecorated, serial_column_ruins,
          column_ruins_square_large, column_ruins_open_tiny,
          column_ruins_grid_1, column_ruins_open_tiny, bh_circular_ruins
D:10:     layout_loops_cross, kennysheep_orc_monster_closet_entryway,
          serial_shops, shop, uniq_joseph
D:11:     layout_basic, lair_entry_dummy, hangedman_decor_riveting,
          lemuel_tele_altar
D:12:     layout_long_grid, enter_bailey_3, uniq_josephine
D:13:     layout_loops_corners, david_vaults_4, special_room [special_room_orc]
D:14:     layout_rooms, hangedman_ru_absence, kennysheep_generic_room_14,
          uniq_nessos
D:15:     gammafunk_depths_entry_grave, layout_rooms, serial_shops, shop,
          minmay_the_grid_square_5x5_3x3_mashed
          [minmay_the_grid_square_5x5_spiral_small,
          minmay_the_grid_square_5x5_one_wall, minmay_the_grid_square_5x5_eight,
          minmay_the_grid_square_5x5_v,
          minmay_the_grid_square_5x5_megaprize_open,
          minmay_the_grid_square_5x5_dogpile, minmay_the_grid_square_5x5_lines,
          minmay_the_grid_square_5x5_inner_z,
          minmay_the_grid_square_5x5_two_small]
Temple:   jpeg_temple_clearing
Lair:1:   beast_lair_carwin_large_1, layout_misc_corridors,
          infiniplex_staircase_pool_2, grunt_megastairs_5
Lair:2:   layout_chaotic_city, minmay_shoals_entry_beasts,
          guppyfry_snake_entry_island, chequers_serial_rivers_micro_a,
          grunt_megastairs_4
Lair:3:   layout_regular_city, serial_bayou, serial_bayou_ford_a,
          serial_bayou_shore_a, serial_bayou_crossing, serial_bayou_lagoon_a,
          serial_bayou_pond_a, serial_bayou_pond_c, st_stairs_10, bh_chokoban,
          chequers_serial_rivers_micro_a
Lair:4:   layout_gridlike, minmay_lair_drake_nest
Lair:5:   layout_hall_layers, minmay_slime_entry_oklob_open, nzn_random_ring,
          uniq_rupert
Lair:6:   hangedman_lair_tendril_chambers, layout_gridlike
Shoals:1: layout_shoals
Shoals:2: layout_shoals, argonaut_gorgonesque
Orc:1:    minmay_goldmine, layout_caves, serial_shops, shop, abandoned_shop
Orc:2:    grunt_orc_community_town_hall, layout_diamond_mine,
          grunt_orc_community_big_house_2, grunt_orc_community_big_house_2,
          grunt_orc_community_house_1, grunt_orc_community_house_1,
          grunt_orc_community_house_3, grunt_orc_community_house_3,
          grunt_orc_community_house_1, grunt_orc_community_house_3,
          serial_shops, bzr_entry_gold, nicolae_orc_rich_vein, uniq_jorgrun

Skill      XL: |  1  2  3  4  5  6  7  8  9 10 11 12 13 14 15 16 |
---------------+-------------------------------------------------+-----
Long Blades    | 2 3 4 5 6 7 8 9 10 11 12 13 14 | 14.3
Armour         | 3 4 5 6 7 8 9 10 | 10.8
Shields        | 3 4 5 6 7 8 9 10 | 10.8
Throwing       | 2 3 4 5 |  5.0
Evocations     | 2 4 5 6 |  6.6
Dodging        | 2 4 5 6 7 8 |  8.5
Invocations    | 3 5 7 9 10 11 | 11.9
Fighting       | 4 5 6 7 9 |  9.9
Slings         | 2 3 |  3.0

Action                   |  1- 3 |  4- 6 |  7- 9 | 10-12 | 13-15 | 16-18 || total
-------------------------+-------+-------+-------+-------+-------+-------++-------
Melee: Long sword        |   102 |   156 |   551 |   658 |     7 |       ||  1474
       Headbutt          |    16 |    30 |   100 |   188 |   179 |    46 ||   559
       Mace              |       |       |       |   183 |   296 |    81 ||   560
       Double sword      |       |       |       |       |   469 |   190 ||   659
       Scimitar          |       |       |       |       |       |     8 ||     8
 Fire: Hunting sling     |       |       |       |       |    15 |       ||    15
Throw: Javelin           |       |     5 |     3 |       |       |       ||     8
Invok: Upheaval          |       |       |       |     3 |     6 |     2 ||    11
       Disaster Area     |       |       |       |       |       |     1 ||     1
 Abil: Evoke Berserk Rag |       |       |       |       |     1 |       ||     1
Evoke: Wand              |       |       |       |    11 |       |       ||    11
  Use: Potion            |       |     3 |     1 |     3 |     2 |     2 ||    11
       Scroll            |       |     6 |     9 |    11 |    15 |     3 ||    44
 Stab: Sleeping          |       |       |     1 |       |       |       ||     1
       Confused          |       |       |       |     1 |       |       ||     1
  Eat: Chunk             |     1 |     5 |     8 |    24 |    21 |     4 ||    63
       Ration            |       |       |     1 |     1 |       |     1 ||     3
Armor: Scale mail        |    42 |    51 |    68 |   153 |   178 |       ||   492
       Plate armour      |       |       |    51 |    86 |    13 |   155 ||   305
Dodge: Dodged            |    32 |    24 |   100 |   219 |   294 |   108 ||   777
       Deflected         |       |       |       |     4 |     3 |     4 ||    11
Block: Shield            |    65 |   102 |   471 |   867 |  1087 |       ||  2592
       Reflection        |       |       |       |     1 |    32 |    35 ||    68
       Large shield      |       |       |       |       |   102 |   579 ||   681
       Rpst.: Long sword |    11 |     6 |    31 |    29 |       |       ||    77
       Double sword      |       |       |       |       |    20 |    14 ||    34
       Scimitar          |       |       |       |       |       |     1 ||     1

Table legend:
 A = Non-vault XP
 B = Vault XP
 C = Vault XP percentage of total XP
 D = Non-vault monster count
 E = Vault monster count
 F = Vault count percentage of total count
                 A         B        C        D         E       F
            +---------+---------+-------+---------+---------+-------
      Total |   89427 |   46259 |  34.1 |     499 |     341 |  40.6
            +---------+---------+-------+---------+---------+-------
        D:1 |      31 |      21 |  40.4 |      21 |       9 |  30.0
        D:2 |     154 |      20 |  11.5 |      28 |       6 |  17.6
        D:3 |      43 |     227 |  84.1 |      10 |       1 |   9.1
        D:4 |     701 |       0 |   0.0 |      20 |       0 |   0.0
        D:5 |     323 |       0 |   0.0 |      14 |       0 |   0.0
        D:6 |     735 |       0 |   0.0 |      21 |       0 |   0.0
        D:7 |    1212 |    1627 |  57.3 |      17 |      15 |  46.9
        D:8 |    2160 |     890 |  29.2 |      31 |       2 |   6.1
        D:9 |     565 |      24 |   4.1 |      10 |       2 |  16.7
       D:10 |     976 |    2227 |  69.5 |      16 |      21 |  56.8
       D:11 |    3130 |       0 |   0.0 |      27 |       0 |   0.0
       D:12 |    6074 |    2048 |  25.2 |      18 |      10 |  35.7
       D:13 |    9092 |    2726 |  23.1 |      41 |      29 |  41.4
       D:14 |   11968 |    1847 |  13.4 |      35 |       2 |   5.4
       D:15 |     230 |       0 |   0.0 |       2 |       0 |   0.0
     Lair:1 |    2133 |    2280 |  51.7 |      13 |      12 |  48.0
     Lair:2 |    5520 |    1279 |  18.8 |      20 |       5 |  20.0
     Lair:3 |    5196 |       0 |   0.0 |      22 |       0 |   0.0
     Lair:4 |    3334 |    1499 |  31.0 |      16 |       4 |  20.0
     Lair:5 |    5235 |    5601 |  51.7 |      19 |      13 |  40.6
     Lair:6 |   11689 |    9062 |  43.7 |      43 |      33 |  43.4
   Shoals:1 |   11077 |       0 |   0.0 |      18 |       0 |   0.0
   Shoals:2 |    5017 |       0 |   0.0 |      11 |       0 |   0.0
      Orc:1 |    1740 |     316 |  15.4 |       8 |      11 |  57.9
      Orc:2 |    1092 |   10681 |  90.7 |      18 |      75 |  80.6
    Ossuary |       0 |     242 | 100.0 |       0 |      22 | 100.0
     Bailey |       0 |    3642 | 100.0 |       0 |      69 | 100.0
            +---------+---------+-------+---------+---------+-------
